 Dungeon Crawl Stone Soup version 0.20-a0-1086-g4bd2f5b (webtiles) character file.

273046 Firecrotchwizard the Peltast (level 19, -3/180 HPs)
             Began as a Minotaur Berserker on May 1, 2017.
             Was a High Priest of Trog.
             Killed by Shatter
             ... invoked by Jorgrun
              (62 damage)
             ... on level 2 of the Vaults.
             The game lasted 01:49:05 (37406 turns).

Firecrotchwizard the Peltast (Minotaur Berserker)  Turns: 37406, Time: 01:49:06

Health: -3/180     AC: 32    Str: 26      XL:     19   Next: 49%
Magic:  0/18       EV:  2    Int:  0 (2)  God:    Trog [*****.]
Gold:   4461       SH:  0    Dex: 14      Spells: 18/18 levels left

rFire    + + +     SeeInvis +   V - +9 broad axe (flame)
rCold    + + .     Gourm    .   U - +4 large shield {rF+}
rNeg     + + +     Faith    .   W - +4 plate armour {rC+}
rPois    ∞         Spirit   +   a - +2 hat {SInv}
rElec    .         Reflect  +   S - scarf {Spirit}
rCorr    .         Harm     .   y - +2 pair of gloves
MR       +....                  A - +2 pair of boots {Fly}
Stlth    ..........             L - +5 amulet of reflection
Regen    0.4/turn               u - ring of positive energy {rN+}
MPRegen  0.2/turn               G - ring "Lyurac" {+Inv rF+++ rC+ Str+3 Dex-3}

@: petrified, flying, slowed, lost intelligence
A: retaliatory headbutt, horns 2, dopey 1
}: 2/15 runes: decaying, gossamer
a: Berserk, Trog's Hand, Brothers in Arms, Burn Spellbooks, Renounce Religion,
Evoke Invisibility, Stop Flying


You were on level 2 of the Vaults.
You worshipped Trog.
Trog was extremely pleased with you.
You were not hungry.

You visited 6 branches of the dungeon, and saw 33 of its levels.
You also visited: Ice Cave, Volcano and Wizlab.

You collected 5697 gold pieces.
You spent 1236 gold pieces at shops.

Inventory:

Hand Weapons
 r - the +7 broad axe "Noadanla" {holy, +Rage rN+ Str+5}
   (Trog gifted it to you on level 4 of the Spider Nest)

   It has been blessed by the Shining One to cause great damage to the undead
   and demons.
   It affects your strength (+5).
   It protects you from negative energy.
   It lets you go berserk.
 V - a +9 broad axe of flaming (weapon)
   (Trog gifted it to you in a volcano)
Missiles
 q - a throwing net {=f, !d}
Armour
 a - a +2 hat of see invisible (worn)
   (You found it on level 1 of the Lair of Beasts)
 y - a +2 pair of gloves (worn)
   (You found it on level 3 of the Dungeon)
 A - a +2 pair of boots of flying (worn)
   (You acquired it on level 3 of the Spider Nest)
 S - a scarf of spirit shield (worn)
   (You acquired it on level 3 of the Spider Nest)
 U - a +4 large shield of fire resistance (worn)
   (You found it in a volcano)
 W - a +4 plate armour of cold resistance (worn)
   (You bought it in a shop on level 2 of the Orcish Mines)
Jewellery
 b - an uncursed ring of ice {rC+, rF-}
   (You found it in an ice cave)
 d - an uncursed ring of resist corrosion
   (You found it on level 2 of the Dungeon)
 u - a ring of positive energy (left hand) {rN+}
   (You found it on level 4 of the Lair of Beasts)
 v - an uncursed ring of poison resistance {rPois, !d}
   (You found it on level 2 of the Dungeon)
 G - the ring "Lyurac" (right hand) {+Inv rF+++ rC+ Str+3 Dex-3}
   (You found it on level 1 of the Vaults)

   [ring of protection from cold]

   It affects your strength (+3).
   It affects your dexterity (-3).
   It renders you almost immune to fire.
   It protects you from cold.
   It lets you turn invisible.
 L - a +5 amulet of reflection (around neck)
   (You found it on level 6 of the Lair of Beasts)
 Y - an uncursed ring of fire {rF+, rC-}
   (You found it on level 5 of the Lair of Beasts)
Wands
 l - a wand of disintegration (7/24)
   (You found it on level 1 of the Vaults)
Scrolls
 g - 8 scrolls of enchant weapon
 h - 14 scrolls of remove curse
 i - a scroll of holy word {unknown}
 n - a scroll of fog
 w - 5 scrolls of recharging
 H - 5 scrolls of blinking {!r}
 K - 4 scrolls of fear
 O - 6 scrolls of magic mapping {!r}
 Q - 6 scrolls of teleportation
 R - 2 scrolls of vulnerability {!r!r}
Potions
 j - 2 potions of brilliance
 k - 8 potions of mutation {!q}
 m - 5 potions of flight
 p - 17 potions of curing
 t - 9 potions of haste
 x - 5 potions of agility
 B - 4 potions of resistance
 C - 5 potions of ambrosia
 D - 4 potions of might
 E - 4 potions of lignification {!q}
 F - a potion of experience {unknown}
 I - 2 potions of magic {unknown}
 N - 7 potions of heal wounds
 P - a potion of berserk rage {!q}
 X - a potion of cancellation
 Z - 4 potions of invisibility
Miscellaneous
 e - a fan of gales
   (You found it on level 1 of the Swamp)
 J - a phantom mirror
 T - a lightning rod (4/4)
   (You found it on level 6 of the Lair of Beasts)
Comestibles
 c - 19 bread rations {@e1}
 f - 6 meat rations {@e2}
 o - 13 chunks of flesh {@w0}
 s - 35 royal jellies


   Skills:
 + Level 18.5 Fighting
 - Level 18.2 Axes
 - Level 5.8 Throwing
 + Level 19.9 Armour
 + Level 15.0 Dodging
 * Level 20.4 Shields


You had 18 spell levels left.
You didn't know any spells.

Dungeon Overview and Level Annotations

Branches:
Dungeon (15/15)            Temple (0/1) D:4            Lair (6/6) D:9
  Swamp (4/4) Lair:3       Spider (4/4) Lair:2        Slime (0/5) Lair:5
    Orc (2/2) D:11            Elf (0/3) Orc:2        Vaults (2/5) D:13
 Depths (0/5) D:15
  Crypt: Vaults:2-3

Altars:
Ashenzari
Cheibriados
Dithmenos
Gozag
Hepliaklqana
Makhleb
Okawaru
Trog
Uskayaw
Vehumet
Xom
Yredelemnul
Zin
The Shining One
Beogh
Jiyva

Shops:
D:6 :   D:8 *   D:13 }   Orc:1 (   Orc:2 (![:

Annotations:
D:8 1 runed door
Lair:1 2 exclusions
Lair:5 1 runed door
Vaults:2 Boris, Jorgrun


Innate Abilities, Weirdness & Mutations

You reflexively headbutt those who attack you in melee.
You have a pair of horns on your head.
You are dopey. (Int -2)


Message History

You slash the deep elf archer! You burn the deep elf archer.
You headbutt the deep elf archer.
The deep elf archer casts a spell at you.
You easily resist.
Unknown command.
You slice the deep elf archer!! You burn the deep elf archer.
You are no longer corroded.
The deep elf archer hits you with an uncursed dagger!
You take 10 damage, and have 134/180 hp.
You now have 16/18 mp.
You slash the deep elf archer! You burn the deep elf archer.
You kill the deep elf archer!
Trog accepts your kill.
Trog appreciates your killing of a magic user.
You start resting.
Health restored: 180; MP restored: 18
Items here: ( )))) [ an uncursed dagger; an uncursed longbow; 26 arrows; a leather armour; a dagger a scimitar
Items here: ( )) † an uncursed long sword; an uncursed shortbow; 18 arrows; an elf corpse You butcher the elf corpse.
o - 4 chunks of flesh {@w0}
Items here: ( )) ÷ an uncursed long sword; an uncursed shortbow; 18 arrows; an elf skeleton
Items here: ( )) ÷ an uncursed long sword; an uncursed shortbow; 18 arrows; an elf skeleton
Items here: ( )))) [ an uncursed dagger; an uncursed longbow; 26 arrows; a leather armour; a dagger a scimitar
Things that are here:
an enchanted short sword; an elf corpse You butcher the elf corpse.
o - 7 chunks of flesh {@w0} (gained 3)
You see here an enchanted short sword. x2
Things that are here:
an uncursed arbalest; 22 bolts; a yaktaur corpse You butcher the yaktaur corpse.
o - 13 chunks of flesh {@w0} (gained 6)
Things that are here:
an uncursed arbalest; 22 bolts
Things that are here:
an uncursed arbalest; 22 bolts
Items here: ( )))) [ an uncursed dagger; an uncursed longbow; 26 arrows; a leather armour; a dagger a scimitar Jorgrun Earthshaker comes into view.
He is wielding a staff of earth.
Jorgrun gestures wildly while chanting.
The dungeon rumbles around Jorgrun!
You shudder from the earth-shattering force.
Ka-crash!
You hear a shout! x2; You hear two shouts! x2; You hear a shout!
You hear two shouts!
You see here 15 stones.
You take 17 damage, and have 163/180 hp.
You now have 16/18 mp.
Jorgrun casts a spell.
The dungeon rumbles around Jorgrun!
You shudder.
Ka-crash!
Jorgrun hits you but does no damage.
You hear a shout!
You take 10 damage, and have 153/180 hp.
You now have 15/18 mp.
You slash Jorgrun! You burn Jorgrun. Your headbutt misses Jorgrun.
You block Jorgrun's attack.
You slash Jorgrun! You burn Jorgrun. Your headbutt misses Jorgrun.
You block Jorgrun's attack.
You slash Jorgrun! You burn Jorgrun. You headbutt Jorgrun, but do no damage.
Jorgrun points at you and mumbles some strange words.
You are slowing down.
You miss Jorgrun. Your headbutt misses Jorgrun.
Jorgrun casts a spell.
The dungeon rumbles around Jorgrun!
You shudder from the earth-shattering force.
Ka-crash!
You hear a shout!
Your limbs are stiffening.
You take 53 damage, and have 101/180 hp.
MASSIVE DAMAGE!!
You now have 11/18 mp.
You hit Jorgrun but do no damage. Jorgrun hits you with a staff of earth.
Jorgrun hits you but does no damage.
You have turned to stone.
Jorgrun says, "'tis place shall be yer tomb!"
Jorgrun hits you with a staff of earth! Jorgrun crushes you!
Boris, Master of Life and Death comes into view.
Boris moves out of view.
Jorgrun hits you with a staff of earth!
A stone giant comes into view.
The stone giant throws a large rock.
The large rock hits you! Jorgrun completely misses you.
The stone giant throws a large rock.
The large rock hits you! Jorgrun hits you with a staff of earth.
The stone giant throws a large rock.
The large rock hits you!! Jorgrun hits you but does no damage.
The stone giant throws a large rock.
The large rock hits you but does no damage.
The stone giant throws a large rock.
The large rock hits you!! Jorgrun hits you with a staff of earth.
Jorgrun crushes you!
The stone giant moves out of view.
Jorgrun mumbles some strange words.
The dungeon rumbles around Jorgrun!
You shudder from the earth-shattering force.
You die...

#........
#.......
#.......
#......
#......
#.....#
#...Lg#
#....@#
#....(.......
#.....#......
#............
#......###+##
#.......#
#.......#
#.......#
#.......#


You could see Boris and Jorgrun.

Vanquished Creatures
  Mara (Spider:4)
  Arachne (Spider:3)
  A moon troll (WizLab)
  A quicksilver dragon (WizLab)
  The ghost of FoghornLeghorn the Peltast, an adept OpFi of Gozag (Swamp:4)
  10 tentacled starspawn (WizLab)
  Kirke (D:13)
  Gastronok (Lair:1)
  4 thorn hunters
  Donald (Swamp:1)
  A frost giant (D:15)
  Aizul (Vaults:2)
  2 ghost moths
  A deep elf sorcerer (Vaults:1)
  A cacodemon (WizLab)
  A ghoul (Vaults:1)
  4 emperor scorpions (Spider:4)
  5 stone giants
  A war gargoyle (WizLab)
  2 ironheart preservers (Vaults:1)
  11 very ugly things
  An entropy weaver (Spider:3)
  A deep elf annihilator (Vaults:1)
  2 spark wasps (Spider:4)
  An ettin (Vaults:1)
  A fire dragon (Vaults:1)
  2 crystal guardians (WizLab)
  4 great orbs of eyes
  The ghost of theRoog the Cleaver, a journeyman MiBe of Trog (Orc:1)
  12 vault guards
  Erolcha (D:13)
  3 catoblepae (Lair:6)
  4 yaktaur captains
  20 hydras
  2 ghost crabs
  7 centaur warriors
  A satyr (shapeshifter) (D:13)
  5 two-headed ogres
  A death knight (Vaults:1)
  6 alligators
  4 death yaks (Lair:6)
  A deep troll shaman (Vaults:1)
  6 death scarabs (Spider:4)
  4 deep elf knights
  The ghost of sugabear the Covered, a novice VSGl of the Shining One (D:8)
  2 spriggan druids
  8 swamp dragons
  2 deep elf archers
  8 glowing orange brains
  5 unseen horrors
  An orange crystal statue (WizLab)
  2 deep trolls (Vaults:1)
  A phantasmal warrior (Vaults:1)
  4 spectral wolf spiders (Spider:4)
  18 wolf spiders
  2 shambling mangroves
  3 lindwurms (Swamp:4)
  Pikel (D:11)
  6 orc knights
  2 wolf spider zombies (Spider:4)
  A necromancer (IceCv)
  8 deep elf magi
  20 ugly things
  13 orb spiders
  4 manticores
  2 orc sorcerers (Orc:2)
  6 cyclopes
  A moth of wrath (Spider:4)
  An elephant (shapeshifter) (Vaults:1)
  An ice statue (IceCv)
  3 vault sentinels (Vaults:1)
  7 black mambas
  A black mamba (shapeshifter) (Vaults:1)
  3 centaur zombies (D:13)
  A molten gargoyle (Volcano)
  16 elephants
  A torpor snail (Spider:4)
  2 eyes of devastation (WizLab)
  2 gargoyles (D:13)
  14 spiny frogs
  6 demonic crawlers
  14 freezing wraiths
  A kobold demonologist (D:13)
  7 yaktaurs
  A centaur skeleton (D:15)
  3 spectral redbacks (Spider:4)
  4 komodo dragons
  A rime drake (Lair:5)
  2 ice devils (Lair:5)
  11 trolls
  5 meliai
  A queen bee (Lair:6)
  23 jumping spiders
  16 hornets
  A meliai (shapeshifter) (Vaults:1)
  5 spectral tarantellas (Spider:4)
  A hornet (shapeshifter) (D:13)
  Grinder (D:6)
  2 polar bears
  6 tyrant leeches
  A tarantella zombie (Spider:4)
  Prince Ribbit (D:7)
  3 bog bodies
  3 spectral jumping spiders (Spider:4)
  19 slime creatures
  8 hippogriffs
  A wind drake (shapeshifter) (Vaults:1)
  4 dream sheep (Lair:6)
  9 blink frogs
  A jumping spider zombie (Spider:4)
  3 starcursed masses (WizLab)
  3 shadows
  2 spriggans (Swamp:3)
  2 vampires
  62 redbacks
  37 tarantellas
  2 fire elementals (Volcano)
  A human (D:7)
  3 wraiths
  5 golden eyes (WizLab)
  4 wyverns
  6 basilisks
  48 yaks
  9 hogs
  27 vampire mosquitoes
  3 hungry ghosts
  A soldier ant (D:13)
  17 swamp worms
  20 insubstantial wisps
  2 wargs (D:9)
  15 water moccasins
  An acid dragon (Vaults:1)
  5 porcupines
  3 black bears
  3 spectral hornets (Spider:4)
  A meliai simulacrum (D:14)
  14 swamp drakes
  29 orc warriors
  An alligator simulacrum (IceCv)
  An eye of draining (D:13)
  5 sky beasts
  3 necrophages
  7 ogres
  11 ice beasts
  4 slaves (D:8)
  3 boggarts (Vaults:2)
  2 hornet zombies (Spider:4)
  16 wolves
  A phantom (D:11)
  19 centaurs
  16 crocodiles
  Blork the orc (D:4)
  4 big kobolds
  16 bullfrogs
  4 scorpions
  A swamp dragon simulacrum (IceCv)
  24 killer bees
  13 wights
  4 howler monkeys
  An electric eel (Spider:3)
  10 crimson imps
  A wyvern simulacrum (D:13)
  3 bullfrog zombies
  5 jellies
  23 orc wizards
  4 draconian simulacra (IceCv)
  7 hounds
  2 bullfrog skeletons
  10 orc priests
  3 iguanas
  2 polar bear simulacra (IceCv)
  2 spriggan simulacra (IceCv)
  10 worker ants
  6 troll simulacra (IceCv)
  A killer bee zombie (D:9)
  2 centaur simulacra (IceCv)
  2 hound skeletons
  A howler monkey zombie (D:11)
  A worker ant zombie (D:7)
  A howler monkey skeleton (D:10)
  8 gnolls
  12 adders
  3 naga simulacra (IceCv)
  3 ogre simulacra (IceCv)
  3 shadow imps
  12 white imps (IceCv)
  An ooze (D:3)
  2 adder skeletons
  5 worms
  3 dart slugs
  4 leopard geckos
  86 orcs
  7 bats
  4 giant cockroaches
  9 goblins
  8 hobgoblins
  16 jackals
  4 quokkas
  2 ball pythons (D:2)
  8 frilled lizards
  A jackal zombie (D:9)
  22 kobolds
  A leopard gecko skeleton (D:4)
  A leopard gecko zombie (D:8)
  9 rats
  7 briar patches (Swamp:2)
  2 butterflies (D:13)
  A plant (Lair:6)
  7 starspawn tentacles (WizLab)
1308 creatures vanquished.

Vanquished Creatures (collateral kills)
  4 hydras
  2 death scarabs (Spider:4)
  A spiny frog (Lair:2)
  A rime drake (Lair:5)
  A komodo dragon (Lair:3)
  A spectral tarantella (Spider:4)
  2 yaks (Lair:2)
  A water moccasin (Lair:5)
  A porcupine (Lair:2)
14 creatures vanquished.

Vanquished Creatures (others)
  A stone giant (WizLab)
  A centaur warrior (D:15)
  3 cyclopes
  A tarantella (Spider:1)
  A spriggan (Swamp:3)
  A swamp drake (Lair:6)
  3 orc warriors
  3 centaurs (Orc:2)
  An orc wizard (D:4)
  3 orcs (Orc:2)
  3 fungi
  4 plants
  28 starspawn tentacles (WizLab)
53 creatures vanquished.

Grand Total: 1375 creatures vanquished

Notes
Turn   | Place    | Note
-------+----------+-------------------------------------------
     0 | D:1      | Firecrotchwizard the Minotaur Berserker began the quest for the Orb.
     0 | D:1      | Reached XP level 1. HP: 19/19 MP: 0/0
   189 | D:1      | Reached skill level 4 in Axes
   189 | D:1      | Reached XP level 2. HP: 16/27 MP: 1/1
   421 | D:1      | Found an iron altar of Okawaru.
   692 | D:1      | Reached XP level 3. HP: 33/33 MP: 2/2
   952 | D:1      | Reached ** piety under Trog
  1328 | D:2      | Reached skill level 4 in Fighting
  1595 | D:2      | Reached XP level 4. HP: 40/40 MP: 3/3
  1608 | D:2      | Reached skill level 3 in Armour
  1640 | D:2      | Reached skill level 3 in Dodging
  2600 | D:3      | Reached skill level 5 in Axes
  2608 | D:3      | Reached XP level 5. HP: 45/47 MP: 4/4
  2682 | D:3      | Reached *** piety under Trog
  2691 | D:3      | Reached skill level 4 in Armour
  2781 | D:3      | Found a shattered altar of Ashenzari.
  2791 | D:3      | Found a shimmering altar of Xom.
  2876 | D:3      | Noticed a sky beast
  2887 | D:3      | Reached XP level 6. HP: 34/53 MP: 5/5
  2890 | D:3      | Reached skill level 6 in Axes
  2891 | D:3      | Killed a sky beast
  3067 | D:3      | Found a burning altar of Makhleb.
  3067 | D:3      | Found a hide-covered altar of Uskayaw.
  3101 | D:3      | Found a radiant altar of Vehumet.
  3102 | D:3      | Reached skill level 5 in Fighting
  3107 | D:3      | Reached skill level 4 in Dodging
  3208 | D:3      | Found a bloodstained altar of Trog.
  3513 | D:4      | Reached XP level 7. HP: 61/61 MP: 6/6
  3660 | D:4      | Found a staircase to the Ecumenical Temple.
  3671 | D:4      | Reached skill level 5 in Armour
  3727 | D:4      | Noticed Blork the orc
  3737 | D:4      | Killed Blork the orc
  3737 | D:4      | Reached skill level 7 in Axes
  4123 | D:5      | Entered Level 5 of the Dungeon
  4139 | D:5      | Found a snail-covered altar of Cheibriados.
  4227 | D:5      | Found a snail-covered altar of Cheibriados.
  4757 | D:5      | Got a smoking long sword
  4758 | D:5      | Identified the cursed +0 long sword "Misiud" {drain, rElec} (You found it on level 5 of the Dungeon)
  4857 | D:5      | Reached **** piety under Trog
  5096 | D:5      | Reached XP level 8. HP: 70/70 MP: 7/7
  5316 | D:6      | Reached skill level 6 in Fighting
  5316 | D:6      | Reached skill level 8 in Axes
  5316 | D:6      | Reached skill level 5 in Dodging
  5325 | D:6      | Noticed Grinder
  5341 | D:6      | Killed Grinder
  5341 | D:6      | Reached skill level 6 in Armour
  5639 | D:6      | Noticed a two-headed ogre
  5649 | D:6      | Killed a two-headed ogre
  5649 | D:6      | Reached skill level 7 in Fighting
  5649 | D:6      | Reached skill level 9 in Axes
  5649 | D:6      | Reached skill level 7 in Armour
  5649 | D:6      | Reached skill level 6 in Dodging
  5649 | D:6      | Reached XP level 9. HP: 28/79 MP: 8/8
  5876 | D:6      | Found Idifeib's Book Boutique.
  5881 | D:6      | Found a hazy altar of Hepliaklqana.
  6387 | D:7      | Reached skill level 10 in Axes
  6446 | D:7      | Noticed Prince Ribbit
  6456 | D:7      | Killed Prince Ribbit
  6609 | D:7      | Found a glowing golden altar of the Shining One.
  6614 | D:7      | Received a gift from Trog
  6648 | D:7      | Reached skill level 8 in Fighting
  6676 | D:7      | Reached skill level 1 in Throwing
  6676 | D:7      | Reached skill level 7 in Dodging
  6725 | D:7      | Found a basalt altar of Yredelemnul.
  6982 | D:7      | Reached skill level 11 in Axes
  6984 | D:7      | Reached skill level 8 in Armour
  6992 | D:7      | Reached XP level 10. HP: 75/90 MP: 9/9
  6998 | D:7      | Reached skill level 2 in Throwing
  7038 | D:8      | Noticed Pikel
  7140 | D:8      | Noticed sugabear's ghost (novice VSGl)
  7155 | D:8      | Killed sugabear's ghost
  7299 | D:8      | Received a gift from Trog
  7321 | D:8      | Reached skill level 9 in Fighting
  7604 | D:8      | Found Zin's Purification Station.
  7606 | D:8      | Found a glowing silver altar of Zin.
  7729 | D:8      | Noticed a seven-headed hydra
  7729 | D:8      | Noticed a deep elf mage
  7729 | D:8      | Noticed a wolf spider
  7733 | D:8      | Found a runed door.
  7735 | D:8      | Noticed a fire dragon
  7735 | D:8      | Noticed a harpy
  7735 | D:8      | Noticed a yaktaur captain
  7858 | D:9      | Reached ***** piety under Trog
  7858 | D:9      | Reached skill level 3 in Throwing
  7920 | D:9      | Reached skill level 12 in Axes
  7920 | D:9      | Reached skill level 8 in Dodging
  8124 | D:9      | Found a staircase to the Lair.
  8135 | D:9      | Received a gift from Trog
  8222 | D:9      | Reached skill level 9 in Armour
  8493 | D:9      | Got a steaming great mace {god gift}
  9066 | D:9      | Reached skill level 4 in Throwing
  9108 | D:9      | Found a shadowy altar of Dithmenos.
  9226 | D:10     | Entered Level 10 of the Dungeon
  9326 | D:10     | Identified the +4 great mace of Hedonism {flame, +Blink rF- Str+4 SInv} (Trog gifted it to you on level 9 of the Dungeon)
  9375 | D:10     | Reached XP level 11. HP: 99/99 MP: 10/10
  9666 | D:10     | Killed an unseen horror
  9666 | D:10     | Reached skill level 10 in Fighting
 10218 | Lair:1   | Entered Level 1 of the Lair of Beasts
 10381 | Lair:1   | Reached skill level 13 in Axes
 10406 | Lair:1   | Identified a scroll of acquirement
 10622 | Lair:1   | Noticed Gastronok
 10628 | Lair:1   | HP: 23/99 [porcupine's spines (9)]
 10646 | Lair:1   | Killed Gastronok
 10646 | Lair:1   | Reached skill level 5 in Throwing
 10646 | Lair:1   | Reached skill level 9 in Dodging
 11396 | Lair:2   | Noticed a four-headed hydra
 11407 | Lair:2   | Killed a six-headed hydra
 11407 | Lair:2   | Reached skill level 10 in Armour
 11837 | Lair:2   | Noticed a wolf spider
 11837 | Lair:2   | Noticed a wolf spider
 11845 | Lair:2   | Killed a wolf spider
 11848 | Lair:2   | Killed a wolf spider
 11848 | Lair:2   | Reached XP level 12. HP: 39/108 MP: 11/11
 12080 | Lair:2   | Reached skill level 14 in Axes
 12117 | Lair:2   | Found a hole to the Spider Nest.
 12195 | Lair:2   | Reached skill level 11 in Fighting
 12326 | Lair:3   | Noticed an eight-headed hydra
 12331 | Lair:3   | Killed an eight-headed hydra
 12616 | Lair:3   | Found a staircase to the Swamp.
 12710 | Lair:3   | Found a dark tunnel.
 12718 | Volcano  | Entered a volcano
 12834 | Volcano  | Received a gift from Trog
 12949 | Lair:3   | Reached skill level 1 in Shields
 13073 | Lair:3   | Reached skill level 2 in Shields
 13573 | Lair:4   | Reached skill level 11 in Armour
 13662 | Lair:4   | Noticed a four-headed hydra
 13675 | Lair:4   | Killed a nine-headed hydra
 13675 | Lair:4   | Reached skill level 3 in Shields
 13849 | Lair:4   | Reached skill level 15 in Axes
 13853 | Lair:4   | Reached skill level 4 in Shields
 14540 | Lair:5   | Reached skill level 5 in Shields
 14775 | Lair:5   | Noticed an eight-headed hydra
 14780 | Lair:5   | Killed an eight-headed hydra
 14883 | Lair:5   | Found a frozen archway.
 14895 | Lair:5   | Reached XP level 13. HP: 117/117 MP: 12/12
 14903 | IceCv    | Entered an ice cave
 15107 | IceCv    | Reached skill level 6 in Shields
 15281 | IceCv    | Received a gift from Trog
 15407 | IceCv    | Found an ancient bone altar of Kikubaaqudgha.
 15414 | IceCv    | Reached skill level 12 in Fighting
 15812 | IceCv    | Received a gift from Trog
 16139 | Lair:5   | Reached skill level 16 in Axes
 16139 | Lair:5   | Reached skill level 7 in Shields
 16149 | Lair:5   | Found a runed door.
 16155 | Lair:5   | Found a viscous altar of Jiyva.
 16155 | Lair:5   | Found a staircase to the Slime Pits.
 16155 | Lair:5   | Noticed an acid blob
 16359 | Lair:6   | Entered Level 6 of the Lair of Beasts
 16489 | Lair:6   | Reached skill level 8 in Shields
 16494 | Lair:6   | Reached skill level 12 in Armour
 16526 | Lair:6   | Reached skill level 9 in Shields
 17018 | Lair:6   | HP: 29/119 [killer bee (2)]
 17391 | Lair:6   | Reached ****** piety under Trog
 17494 | Lair:6   | Reached XP level 14. HP: 122/127 MP: 13/13
 17510 | Lair:6   | Reached skill level 17 in Axes
 17733 | Lair:6   | Reached skill level 13 in Fighting
 17739 | Lair:6   | Reached skill level 10 in Shields
 18120 | Lair:6   | Got a warped war axe
 18121 | Lair:6   | Identified the +9 war axe of Uggastri {protect, -Tele rElec rF+ Str+2} (You found it on level 6 of the Lair of Beasts)
 18449 | D:11     | Received a gift from Trog
 18506 | D:11     | Found a staircase to the Orcish Mines.
 18582 | D:11     | Killed Pikel
 18582 | D:11     | Reached skill level 13 in Armour
 19402 | D:12     | Found a shadowy altar of Dithmenos.
 19479 | D:12     | Received a gift from Trog
 19757 | D:12     | Reached skill level 11 in Shields
 20080 | D:13     | Found Qetemyxa's Gadget Emporium.
 20173 | D:13     | Noticed Erolcha
 20184 | D:13     | Reached skill level 18 in Axes
 20191 | D:13     | Killed Erolcha
 20199 | D:13     | Found a gate to the Vaults.
 20468 | D:13     | Reached skill level 12 in Shields
 20478 | D:13     | Reached XP level 15. HP: 124/137 MP: 12/14
 20484 | D:13     | Received a gift from Trog
 20500 | D:13     | Reached skill level 14 in Armour
 20518 | D:13     | Reached skill level 10 in Dodging
 20984 | D:13     | Noticed Kirke
 20999 | D:13     | Killed Kirke
 20999 | D:13     | Reached skill level 14 in Fighting
 21484 | D:15     | Entered Level 15 of the Dungeon
 21676 | D:15     | Found a staircase to the Depths.
 21676 | D:15     | Noticed a frost giant
 21682 | D:15     | Killed a frost giant
 21682 | D:15     | Reached skill level 13 in Shields
 21865 | D:15     | Received a gift from Trog
 22019 | D:15     | Reached skill level 15 in Armour
 22220 | D:15     | Received a gift from Trog
 22845 | Swamp:1  | Entered Level 1 of the Swamp
 22899 | Swamp:1  | Noticed Donald
 22922 | Swamp:1  | Killed Donald
 23179 | Swamp:1  | Reached skill level 11 in Dodging
 23239 | Swamp:1  | Reached skill level 14 in Shields
 23914 | Swamp:2  | Noticed a thorn hunter
 23921 | Swamp:2  | Killed a thorn hunter
 23921 | Swamp:2  | Reached skill level 15 in Fighting
 23921 | Swamp:2  | Reached XP level 16. HP: 133/149 MP: 15/15
 24067 | Swamp:2  | Received a gift from Trog
 24536 | Swamp:3  | Reached skill level 16 in Armour
 24653 | Swamp:3  | Found an opulent altar of Gozag.
 25168 | Swamp:4  | Entered Level 4 of the Swamp
 25203 | Swamp:4  | Noticed a thorn hunter
 25203 | Swamp:4  | Reached skill level 15 in Shields
 25204 | Swamp:4  | Noticed a thorn hunter
 25219 | Swamp:4  | Killed a thorn hunter
 25220 | Swamp:4  | Killed a thorn hunter
 25478 | Swamp:4  | Reached skill level 12 in Dodging
 25711 | Swamp:4  | Noticed a thorn hunter
 25725 | Swamp:4  | Killed a thorn hunter
 25739 | Swamp:4  | Received a gift from Trog
 25739 | Swamp:4  | Reached skill level 17 in Armour
 25892 | Swamp:4  | Got a decaying rune of Zot
 25897 | Swamp:4  | Noticed FoghornLeghorn's ghost (adept OpFi)
 25915 | Swamp:4  | Killed FoghornLeghorn's ghost
 26131 | Swamp:4  | Reached skill level 16 in Shields
 26655 | Spider:1 | Entered Level 1 of the Spider Nest
 27099 | Spider:1 | Reached skill level 16 in Fighting
 28001 | Spider:2 | Reached XP level 17. HP: 158/158 MP: 16/16
 28093 | Spider:2 | Received a gift from Trog
 29169 | Spider:3 | Noticed Arachne
 29182 | Spider:3 | Killed Arachne
 29182 | Spider:3 | Reached skill level 18 in Armour
 29793 | Spider:4 | Entered Level 4 of the Spider Nest
 29805 | Spider:4 | Reached skill level 13 in Dodging
 29858 | Spider:4 | Reached skill level 17 in Shields
 29912 | Spider:4 | Received a gift from Trog
 29936 | Spider:4 | Noticed Mara
 29938 | Spider:4 | Noticed Firecrotchwizard's illusion
 29977 | Spider:4 | Noticed Firecrotchwizard's illusion
 29980 | Spider:4 | Killed Mara
 30125 | Spider:4 | Received a gift from Trog
 30466 | Spider:4 | HP: 40/160 [death scarab (15)]
 30468 | Spider:4 | Reached skill level 18 in Shields
 30497 | Spider:4 | Got a gossamer rune of Zot
 30911 | Spider:4 | Received a gift from Trog
 30959 | Spider:4 | Got an encrusted broad axe {god gift}
 30972 | Spider:4 | Identified the +7 broad axe "Noadanla" {holy, +Rage rN+ Str+5} (Trog gifted it to you on level 4 of the Spider Nest)
 31108 | Spider:4 | Reached XP level 18. HP: 168/168 MP: 17/17
 31113 | Spider:4 | Reached skill level 17 in Fighting
 31846 | Orc:1    | Entered Level 1 of the Orcish Mines
 32069 | Orc:2    | Entered Level 2 of the Orcish Mines
 32098 | Orc:2    | Paralysed by an orc sorcerer for 6 turns
 32286 | Orc:2    | Found a staircase to the Elven Halls.
 32339 | Orc:2    | Found Susivegi's Antique Armour Shop.
 32339 | Orc:2    | Found Qoicu's Distillery.
 32341 | Orc:2    | Found Koplonem's Weapon Shoppe.
 32344 | Orc:2    | Found Plog's Book Boutique.
 32362 | Orc:2    | Bought a potion of haste for 160 gold pieces
 32362 | Orc:2    | Bought a potion of heal wounds for 80 gold pieces
 32362 | Orc:2    | Bought a potion of haste for 160 gold pieces
 32362 | Orc:2    | Bought 2 potions of heal wounds for 160 gold pieces
 32430 | Orc:2    | Bought a runed plate armour for 676 gold pieces
 32532 | Orc:2    | Found a roughly hewn altar of Beogh.
 32841 | Orc:1    | Noticed theRoog's ghost (journeyman MiBe)
 32853 | Orc:1    | Killed theRoog's ghost
 32854 | Orc:1    | Found Poigg's Weapon Emporium.
 33042 | Vaults:1 | Entered Level 1 of the Vaults
 33079 | Vaults:1 | Received a gift from Trog
 33231 | Vaults:1 | Got a polished mace
 33490 | Vaults:1 | Reached skill level 19 in Armour
 33861 | Vaults:1 | Got a scintillating granite ring
 33863 | Vaults:1 | Identified the ring "Lyurac" {+Inv rF+++ rC+ Str+3 Dex-3} (You found it on level 1 of the Vaults)
 34164 | Vaults:1 | Reached skill level 14 in Dodging
 34181 | Vaults:1 | Reached skill level 19 in Shields
 34374 | Vaults:1 | Received a gift from Trog
 34631 | Vaults:2 | Found a magical portal.
 34631 | Vaults:2 | Noticed Aizul
 34659 | Vaults:2 | Killed Aizul
 34858 | WizLab   | Entered Lehudib's Moon Base
 35151 | WizLab   | Reached skill level 18 in Fighting
 35155 | WizLab   | Received a gift from Trog
 35204 | WizLab   | Reached XP level 19. HP: 120/179 MP: 11/18
 36019 | WizLab   | Reached skill level 20 in Shields
 36026 | WizLab   | Lost intelligence.
 36326 | WizLab   | Gained mutation: You are dopey. (Int -2) [a cacodemon]
 36834 | WizLab   | Reached skill level 15 in Dodging
 37284 | Vaults:2 | Received a gift from Trog
 37390 | Vaults:2 | Noticed Jorgrun
 37400 | Vaults:2 | Noticed Boris
 37406 | Vaults:2 | Killed from afar by Jorgrun

Vault maps used:
D:1:      eino_arrival_druids_welcome, okawaru_ov_weapons_minmay
D:2:      minmay_diamond_boxcup, first_bread
D:3:      overflow_temple_1_default, lightli_temple_of_fire,
          nicolae_overflow_hidden_temple, minivault_27
D:4:      minmay_temple_entry_water_ring, uniq_blork_the_orc
D:5:      lemuel_round_altar, cheibriados_altar_1
D:6:      nicolae_overflow_crystal_walls, serial_shops, shop_statue,
          uniq_grinder
D:7:      nicolae_tso_carved_into_rock, yredelemnul_altar_generic,
          grunt_livestock, uniq_prince_ribbit1
D:8:      minmay_gate_of_8, zin_purify, corexii_leaking_fountain, uniq_pikel
D:9:      kennysheep_mini, erik_lair_orcish_takeover
D:11:     hiddenorc2_lemuel, kennysheep_generic_room_13
D:12:     nicolae_dithmenos_the_darkroom
D:13:     minmay_imperfect_grid, erik_vaults_2, serial_shops, shop_statue,
          hangedman_glass_garden, uniq_kirke, uniq_erolcha
D:14:     cheibrodos_elevator_heist, minivault_24, minmay_misc_feat_four_crosses
D:15:     grunt_enter_depths_snipers, nicolae_two_hexagons
Lair:1:   guppyfry_lair_drakes, serial_bayou_shore_a, uniq_gastronok
Lair:2:   spider_nest_entry_funnel_web, grunt_megastairs_3
Lair:3:   beast_lair_carwin_large_1, minmay_swamp_entry_swarm,
          lab_entry_generic, lightli_volcano_entry_magma_tube
Lair:5:   slime_altar_2, portal_ice_cave_demonic_guard, grunt_megastairs_4,
          lemuel_fruit_tree
Lair:6:   evilmike_catoblepas_cave, special_room, minivault_24, ldierk_geyser,
          nicolae_lair_grove_arrangements, pond
Swamp:1:  evilmike_swamp_ruin_house_3, uniq_donald
Swamp:2:  nicolae_swamp_fairy_circle
Swamp:3:  basic_altar
Swamp:4:  swamp_alternative
Spider:2: spider_trap
Spider:3: uniq_arachne
Spider:4: floodkiller_spider_rune_tomb, uniq_mara
Orc:1:    serial_shops, nicolae_shop_crystal
Orc:2:    st_orc_rangers, basic_altar
Vaults:1: vaults_dpeg_ring, v_misc_12, vaults_room_guarded_vault,
          nicolae_vaults_circle_grid_a, vaults_mumra_minichess,
          nicolae_vaults_mini_display_case, v_rooms_6,
          nicolae_vaults_network_square, grunt_vaults_hallway_short,
          dpeg_vaults_monster_row, nicolae_vaults_gold_heap,
          ontoclasm_vaults_loading_screen
Vaults:2: v_misc_26, v_pattern_4, vaults_mumra_chevron,
          minmay_crypt_entry_simple_round, nicolae_vaults_three_branches,
          v_alt_pattern_1, infiniplex_enter_wizlab_glasses, serial_glass,
          serial_shops, nicolae_shop_trees, uniq_boris, uniq_aizul,
          uniq_jorgrun, uniq_jory
IceCv:    ice_cave_small_necro
Volcano:  volcano_overflow
WizLab:   wizlab_lehudib

Skill      XL: |  1  2  3  4  5  6  7  8  9 10 11 12 13 14 15 16 17 18 19 |
---------------+----------------------------------------------------------+-----
Axes           | 4 5 6 7 9 11 12 13 15 16 18 | 18.2
Fighting       | 4 5 7 8 9 10 11 12 13 15 16 18 | 18.5
Armour         | 3 4 5 7 8 9 10 11 12 13 15 17 18 19 | 19.9
Dodging        | 3 4 6 7 8 9 11 12 13 14 15 | 15.0
Throwing       | 1 4 5 |  5.8
Shields        | 5 9 12 14 16 18 19 20 | 20.4

Action                   |  1- 3 |  4- 6 |  7- 9 | 10-12 | 13-15 | 16-18 | 19-21 || total
-------------------------+-------+-------+-------+-------+-------+-------+-------++-------
Melee: Hand axe          |    87 |    69 |       |       |       |       |       ||   156
       Headbutt          |    12 |    19 |    49 |   149 |   195 |   331 |    78 ||   833
       War axe           |       |    53 |   232 |   473 |   125 |       |       ||   883
       Great mace        |       |       |       |     3 |       |       |       ||     3
       Broad axe         |       |       |       |   133 |   814 |  1358 |   222 ||  2527
Throw: Javelin           |       |       |    10 |    50 |   121 |     4 |       ||   185
       Tomahawk          |       |       |       |    31 |    17 |     6 |       ||    54
Invok: Trog's Hand       |       |       |     3 |     2 |       |     2 |       ||     7
       Burn Spellbooks   |       |       |     1 |     1 |     2 |     2 |     1 ||     7
       Berserk           |       |       |       |     2 |       |       |       ||     2
       Brothers in Arms  |       |       |       |     3 |     1 |     1 |     2 ||     7
Evoke: Wand              |       |       |     2 |     6 |       |       |       ||     8
  Use: Scroll            |       |       |     9 |    15 |    21 |     4 |       ||    49
       Potion            |       |       |       |       |     2 |     3 |       ||     5
  Eat: Chunk             |     2 |     6 |     9 |    24 |    17 |    15 |       ||    73
       Fruit             |       |       |     3 |     5 |     4 |     4 |       ||    16
       Royal jelly       |       |       |     1 |       |       |       |       ||     1
       Meat ration       |       |       |       |       |     3 |     4 |     2 ||     9
Armor: Animal skin       |    13 |     3 |       |       |       |       |       ||    16
       Chain mail        |       |    53 |    45 |       |       |       |       ||    98
       Ring mail         |       |       |    52 |   110 |    48 |       |       ||   210
       Plate armour      |       |       |       |   234 |   329 |   395 |    62 ||  1020
       Fire dragon scale |       |       |       |     1 |       |       |       ||     1
Dodge: Dodged            |    56 |    58 |   130 |   339 |   202 |   319 |    55 ||  1159
Block: Large shield      |       |       |       |   120 |   788 |  1524 |   271 ||  2703
       Reflection        |       |       |       |       |    40 |    92 |     7 ||   139

Vault maps used:
D:1:      eino_arrival_druids_welcome, okawaru_ov_weapons_minmay
D:2:      minmay_diamond_boxcup, first_bread
D:3:      overflow_temple_1_default, lightli_temple_of_fire,
          nicolae_overflow_hidden_temple, minivault_27
D:4:      minmay_temple_entry_water_ring, uniq_blork_the_orc
D:5:      lemuel_round_altar, cheibriados_altar_1
D:6:      nicolae_overflow_crystal_walls, serial_shops, shop_statue,
          uniq_grinder
D:7:      nicolae_tso_carved_into_rock, yredelemnul_altar_generic,
          grunt_livestock, uniq_prince_ribbit1
D:8:      minmay_gate_of_8, zin_purify, corexii_leaking_fountain, uniq_pikel
D:9:      kennysheep_mini, erik_lair_orcish_takeover
D:11:     hiddenorc2_lemuel, kennysheep_generic_room_13
D:12:     nicolae_dithmenos_the_darkroom
D:13:     minmay_imperfect_grid, erik_vaults_2, serial_shops, shop_statue,
          hangedman_glass_garden, uniq_kirke, uniq_erolcha
D:14:     cheibrodos_elevator_heist, minivault_24, minmay_misc_feat_four_crosses
D:15:     grunt_enter_depths_snipers, nicolae_two_hexagons
Lair:1:   guppyfry_lair_drakes, serial_bayou_shore_a, uniq_gastronok
Lair:2:   spider_nest_entry_funnel_web, grunt_megastairs_3
Lair:3:   beast_lair_carwin_large_1, minmay_swamp_entry_swarm,
          lab_entry_generic, lightli_volcano_entry_magma_tube
Lair:5:   slime_altar_2, portal_ice_cave_demonic_guard, grunt_megastairs_4,
          lemuel_fruit_tree
Lair:6:   evilmike_catoblepas_cave, special_room, minivault_24, ldierk_geyser,
          nicolae_lair_grove_arrangements, pond
Swamp:1:  evilmike_swamp_ruin_house_3, uniq_donald
Swamp:2:  nicolae_swamp_fairy_circle
Swamp:3:  basic_altar
Swamp:4:  swamp_alternative
Spider:2: spider_trap
Spider:3: uniq_arachne
Spider:4: floodkiller_spider_rune_tomb, uniq_mara
Orc:1:    serial_shops, nicolae_shop_crystal
Orc:2:    st_orc_rangers, basic_altar
Vaults:1: vaults_dpeg_ring, v_misc_12, vaults_room_guarded_vault,
          nicolae_vaults_circle_grid_a, vaults_mumra_minichess,
          nicolae_vaults_mini_display_case, v_rooms_6,
          nicolae_vaults_network_square, grunt_vaults_hallway_short,
          dpeg_vaults_monster_row, nicolae_vaults_gold_heap,
          ontoclasm_vaults_loading_screen
Vaults:2: v_misc_26, v_pattern_4, vaults_mumra_chevron,
          minmay_crypt_entry_simple_round, nicolae_vaults_three_branches,
          v_alt_pattern_1, infiniplex_enter_wizlab_glasses, serial_glass,
          serial_shops, nicolae_shop_trees, uniq_boris, uniq_aizul,
          uniq_jorgrun, uniq_jory
IceCv:    ice_cave_small_necro
Volcano:  volcano_overflow
WizLab:   wizlab_lehudib

Table legend:
 A = Turns spent in this place as a percentage of turns spent in the entire game.
 B = Non-inter-level travel turns spent in this place as a percentage of non-inter-level travel turns spent in the entire game.
 C = Inter-level travel turns spent in this place as a percentage of turns spent in this place.
 D = Turns resting spent in this place as a percentage of non-inter-level travel turns spent in this place.
 E = Turns spent auto-exploring this place as a percentage of non-inter-level travel turns spent in this place.
 F = Non-inter-level travel turns spent in this place divided by the number of levels of this place that you've seen.
                   A       B       C       D       E      F
               +-------+-------+-------+-------+-------+----------------------
         Total | 100.0 | 100.0 |   0.8 |   3.0 |  11.0 | 258.1
       Dungeon |  40.1 |  40.1 |   0.8 |   2.2 |  14.0 | 248.3
          Lair |  15.2 |  15.1 |   2.0 |   3.9 |   9.6 | 233.3
         Swamp |  12.4 |  12.4 |   0.9 |   3.0 |   8.2 | 287.5
   Spider Nest |  14.2 |  14.3 |   0.4 |   2.6 |   8.0 | 332.2
  Orcish Mines |   3.2 |   3.2 |   1.7 |   0.7 |  20.1 | 146.5
        Vaults |   6.4 |   6.5 |   0.3 |   4.0 |  10.6 | 301.0
      Ice Cave |   2.4 |   2.4 |   0.0 |   5.0 |   6.3 | 222.0
       Volcano |   0.7 |   0.7 |   0.0 |   0.0 |   3.0 |  67.0
        Wizlab |   5.4 |   5.4 |   0.0 |   6.5 |   6.3 | 505.0
               +-------+-------+-------+-------+-------+----------------------

Table legend:
 A = Kills in this place as a percentage of kills in entire the game.
 B = Kills by you in this place as a percentage of kills by you in the entire game.
 C = Kills by friends in this place as a percentage of kills by friends in the entire game.
 D = Other kills in this place as a percentage of other kills in the entire game.
 E = Experience gained in this place as a percentage of experience gained in the entire game.
 F = Experience gained in this place divided by the number of levels of this place that you have seen.
                   A       B       C       D       E      F
               +-------+-------+-------+-------+-------+----------------------
         Total | 100.0 | 100.0 | 100.0 | 100.0 | 100.0 | 11808.8
       Dungeon |  38.8 |  39.3 |   0.0 |  29.4 |  17.7 | 5010.5
          Lair |  15.2 |  14.6 |  78.6 |   5.9 |  12.8 | 9061.0
         Swamp |  10.7 |  10.9 |   0.0 |   5.9 |  15.6 | 16600.0
   Spider Nest |  16.1 |  16.2 |  21.4 |   5.9 |  21.2 | 22495.5
  Orcish Mines |   4.2 |   3.7 |   0.0 |  41.2 |   2.0 | 4150.5
        Vaults |   6.4 |   6.5 |   0.0 |   5.9 |  12.9 | 27404.0
      Ice Cave |   4.1 |   4.2 |   0.0 |   0.0 |   1.5 | 6402.0
       Volcano |   0.2 |   0.2 |   0.0 |   0.0 |   0.2 | 836.0
        Wizlab |   4.3 |   4.4 |   0.0 |   5.9 |  16.2 | 68863.0
               +-------+-------+-------+-------+-------+----------------------
